 Dungeon Crawl Stone Soup version 0.26-a0-597-gb535b0901c (webtiles) character file.

Game seed: 7546875915627839412

866 Apogee the Ruffian (level 7, -2/68 HPs)
             Began as a Troll Hunter on Sept 15, 2020.
             Was a Follower of Okawaru.
             Slain by Prince Ribbit (6 damage)
             ... on level 8 of the Dungeon.
             The game lasted 00:07:50 (4322 turns).

Apogee the Ruffian (Troll Hunter)                   Turns: 4322, Time: 00:07:50

Health: -2/68      AC:  6    Str: 22    XL:     7   Next: 72%
Magic:  1/8        EV: 11    Int:  8    God:    Okawaru [*.....]
Gold:   228        SH:  0    Dex: 10    Spells: 7/9 levels left

rFire    . . .     SeeInvis .     - Unarmed
rCold    . . .     Faith    .   (no shield)
rNeg     . . .     Spirit   .   b - +0 robe
rPois    .         Reflect  .   (helmet restricted)
rElec    .         Harm     .   (no cloak)
rCorr    .                      (gloves unavailable)
MR       .....                  (boots unavailable)
Stlth    +.........             (no amulet)
HPRegen  0.61/turn              (no ring)
MPRegen  0.11/turn              (no ring)

@: no status effects
A: large, unfitting armour, claws 3, regeneration 1, shaggy fur 1, tough skin 3
a: Heroism, Renounce Religion


You were on level 8 of the Dungeon.
You worshipped Okawaru.
Okawaru was aware of your devotion.
You visited 2 branches of the dungeon, and saw 7 of its levels.

You collected 228 gold pieces.

Inventory:

Hand Weapons
 a - a +0 short sword
 u - the +4 shortbow of the Vendetta {venom, rPois rF++, unknown}
   (You found it on level 4 of the Dungeon)

   It poisons the ammo it fires.
   It greatly protects you from fire.
   It protects you from poison.
Missiles
 c - 3 large rocks (quivered)
 d - 3 throwing nets {!f}
 j - 262 stones
Armour
 b - a +0 robe (worn)
Jewellery
 r - an uncursed amulet of reflection {unknown}
   (You found it on level 3 of the Dungeon)
 v - an uncursed amulet of guardian spirit {unknown}
   (You found it on level 4 of the Dungeon)
Wands
 t - a wand of flame (18)
   (You found it on level 4 of the Dungeon)
Scrolls
 e - a scroll of teleportation {unknown}
 g - 2 scrolls of remove curse {@r2}
 i - a scroll of fog {unknown}
 k - 2 scrolls of random uselessness {unknown}
 m - a scroll of fear {unknown}
 p - 6 scrolls of identify {unknown}
 q - a scroll of magic mapping {unknown}
 w - 2 scrolls of immolation {unknown}
Potions
 f - 3 potions of heal wounds {unknown}
 h - 2 potions of haste {unknown}
 l - a potion of magic {unknown}
 n - a potion of ambrosia {unknown}
 o - 2 potions of curing {@q1}
 s - 3 potions of might {unknown}


   Skills:
 + Level 3.8 Fighting
 - Level 3.6 Throwing
 + Level 3.8 Dodging
 - Level 0.3 Stealth
 + Level 4.0 Unarmed Combat
 + Level 1.9 Spellcasting
 - Level 2.0 Translocations


You had 7 spell levels left.
You knew the following spells:

 Your Spells              Type           Power        Failure   Level
b - Blink                 Tloc           N/A          24%         2

Your spell library contained the following spells:

 Spells                   Type           Power        Failure   Level
 Magic Dart               Conj           #...         36%         1
 Call Imp                 Summ           #.......     50%         2
 Slow                     Hex            #.......     50%         2
 Conjure Flame            Conj/Fire      #.......     73%         3
 Mephitic Cloud           Conj/Pois/Air  #.......     73%         3


Dungeon Overview and Level Annotations

Branches:
Dungeon (5/15)             Temple (1/1) D:4

Altars:
Okawaru
Qazlal
Wu Jian

Annotations:
D:8 Prince Ribbit


Innate Abilities, Weirdness & Mutations

You are too large for most types of armour.
You have claws for hands.
Your natural rate of healing is unusually fast.
You are covered in fur. (AC +1)
You have extremely tough skin. (AC +3)


Message History

You are very lightly contaminated with residual magic.
Nothing appears to happen.
Prince Ribbit hits you! The orc barely misses you. The orc misses you.
The jelly hits you but does no damage. Prince Ribbit hits you.
You blink.
Prince Ribbit blinks!
You swing at nothing.
You swing at nothing.
You scratch the ogre.
The ogre hits you with a +0 giant spiked club!!
* * * LOW HITPOINT WARNING * * *
You closely miss the ogre. You claw the ogre!
The ogre hits you with a +0 giant spiked club!!
* * * LOW HITPOINT WARNING * * *
Prince Ribbit blinks!
Your magical contamination has completely faded away.
You closely miss the ogre. The ogre barely misses you.
You claw the ogre!
You kill the ogre!
Okawaru accepts your kill.
Your Unarmed Combat skill increases to level 4!
Prince Ribbit barely misses you.
Okay, then.
Prince Ribbit hits you!
* * * LOW HITPOINT WARNING * * *
Found 15 gold pieces.
You don't know that spell.
You don't know that spell.
It was a potion of curing.
You feel better. Prince Ribbit hits you.
* * * LOW HITPOINT WARNING * * *
You blink.
As you read the scroll labeled IWIYFE EJIORY, it crumbles to dust.
You feel blessed for a moment.
It was a scroll of remove curse.
Okay, then.
Throwing (i - inventory. (/) - cycle)
c - 5 large rocks (quivered)
Aim: Prince Ribbit You throw a large rock.
The large rock barely misses Prince Ribbit.
The large rock hits the orc!!
You kill the orc!
Okawaru accepts your kill. Prince Ribbit hits you!
* * * LOW HITPOINT WARNING * * *
Throwing (i - inventory. (/) - cycle)
c - 4 large rocks (quivered)
Aim: Prince Ribbit You throw a large rock.
The large rock hits Prince Ribbit!!
Prince Ribbit hits you.
You die... ###### #PPPPPP ##PPPPPP.

##.PPPPP..
#.....PPP.
#.@...PPPP
#F#......P ####
#.##...... #
#.J## ##.#
##.... ##.#o..#
#..# ..#
...[...# ##J# ##
..##...######.o#
# #.....o)J..##
##....J#####


You could see Prince Ribbit, a jelly and an orc.

Vanquished Creatures
  A phantom (D:4)
  An ogre (D:8)
  Blork the orc (D:5)
  A scorpion (D:4)
  A water moccasin skeleton (D:5)
  2 centaur skeletons (D:4)
  An iguana (D:4)
  A worker ant (D:4)
  11 gnolls
  A howler monkey skeleton (D:5)
  16 adders
  A shadow imp (D:5)
  A white imp (D:5)
  An ooze (D:3)
  7 worms
  5 dart slugs
  11 leopard geckos
  9 orcs
  6 bats
  8 giant cockroaches
  7 goblins
  4 hobgoblins
  3 jackals (D:3)
  8 kobolds
  3 quokkas
  2 ball pythons
  10 frilled lizards
  A leopard gecko skeleton (D:4)
  6 rats
130 creatures vanquished.

Vanquished Creatures (others)
  2 plants (D:4)
2 creatures vanquished.

Grand Total: 132 creatures vanquished

Notes
Turn   | Place    | Note
-------+----------+-------------------------------------------
     0 | D:1      | Apogee the Troll Hunter began the quest for the Orb.
     0 | D:1      | Reached XP level 1. HP: 19/19 MP: 0/0
    97 | D:1      | Reached XP level 2. HP: 28/28 MP: 1/1
   136 | D:1      | Reached skill level 1 in Unarmed Combat
   680 | D:2      | Reached XP level 3. HP: 35/35 MP: 2/2
   769 | D:2      | Learned a level 2 spell: Blink
   967 | D:2      | Reached XP level 4. HP: 44/44 MP: 3/3
   990 | D:2      | Reached skill level 2 in Unarmed Combat
  1523 | D:2      | Reached XP level 5. HP: 22/50 MP: 4/4
  1863 | D:3      | Found a stormy altar of Qazlal.
  2578 | D:4      | Reached skill level 1 in Translocations
  2821 | D:4      | Reached XP level 6. HP: 55/61 MP: 6/6
  2828 | D:4      | Reached skill level 1 in Spellcasting
  2881 | D:4      | Found a staircase to the Ecumenical Temple.
  2890 | Temple   | Entered the Ecumenical Temple
  2895 | Temple   | Became a worshipper of Warmaster Okawaru
  2905 | D:4      | Reached skill level 3 in Unarmed Combat
  2998 | D:4      | Got an ivory shortbow
  3293 | D:4      | Reached XP level 7. HP: 51/67 MP: 6/8
  3727 | D:5      | Entered Level 5 of the Dungeon
  3957 | D:5      | Reached * piety under Okawaru
  4246 | D:5      | Noticed Blork the orc
  4257 | D:5      | Killed Blork the orc
  4292 | D:5      | You fall into a shaft and drop 3 floors!
  4292 | D:8      | Noticed Prince Ribbit
  4314 | D:8      | Reached skill level 4 in Unarmed Combat
  4321 | D:8      | HP: 3/68 [Prince Ribbit (12)]
  4322 | D:8      | Slain by Prince Ribbit

Illustrated notes

Levels and vault maps discovered:
D:1:      dpeg_arrival_renting, layout_basic
D:2:      layout_loops_ring, minmay_randomly_rotated_circles
D:3:      layout_basic, grunt_qazlal_sundering
D:4:      layout_basic, minmay_temple_entry_ruins, serial_forest,
          infiniplex_forest_end_2, infiniplex_forest_lined_ring,
          infiniplex_forest_end_1, infiniplex_forest_end_2,
          infiniplex_forest_zigzag_1, infiniplex_forest_diagonal,
          infiniplex_forest_lined_2, infiniplex_forest_clump_medium
D:5:      layout_gridville, nicolae_overflow_crystal_walls, uniq_blork_the_orc
D:8:      layout_cave_pools, gammafunk_temple_of_torment, david_lair_shrubbed,
          uniq_prince_ribbit1
Temple:   nicolae_temple_elliptical

Skill      XL: |  1  2  3  4  5  6  7 |
---------------+----------------------+-----
Unarmed Combat | 1 2 3 4 |  4.0
Dodging        | 2 3 |  3.8
Fighting       | 2 3 |  3.8
Translocations | 1 2 |  2.0
Spellcasting   | 1 |  1.9
Throwing       | |  3.6
Stealth        | |  0.3

Action                   |  1- 3 |  4- 6 |  7- 9 || total
-------------------------+-------+-------+-------++-------
Melee: Short sword       |    19 |       |       ||    19
       Unarmed           |   111 |   270 |    93 ||   474
       Punch             |       |     4 |     1 ||     5
Throw: Large rock        |     2 |       |     2 ||     4
 Cast: Blink             |       |       |     3 ||     3
Invok: Heroism           |       |       |     1 ||     1
  Use: Scroll            |       |       |     1 ||     1
       Potion            |       |       |     1 ||     1
 Stab: Sleeping          |     2 |     1 |       ||     3
Armor: Robe              |    65 |    86 |    27 ||   178
Dodge: Dodged            |    78 |   139 |    62 ||   279

Table legend: (Time is in decaauts)
 A = Elapsed time spent in this place.
 B = Non-inter-level travel time spent in this place.
 C = Inter-level travel time spent in this place.
 D = Time resting spent in this place.
 E = Time spent auto-exploring this place.
 F = Levels seen in this place.
 G = Mean time per level.
                   A        B        C        D        E       F      G
               +--------+--------+--------+--------+--------+-----+--------+
         Total |   4304 |   4231 |     73 |    141 |   3053 |   7 |  614.9 |
       Dungeon |   4293 |   4220 |     73 |    141 |   3053 |   6 |  715.5 |
        Temple |     10 |     10 |      0 |      0 |      0 |   1 |   10.0 |
               +--------+--------+--------+--------+--------+-----+--------+

Top non-repeatable levels by time:
     D:4: 1228 daAuts
     D:2: 1077 daAuts
     D:3: 797 daAuts
     D:1: 674 daAuts
     D:5: 486 daAuts
     D:8: 29 daAuts
  Temple: 10 daAuts
